 Dungeon Crawl Stone Soup version 0.27-a0-1060-gcb85b5eba1 (webtiles) character file.

Game seed: 15378801384662517703

61 spiderkeys the Skirmisher (level 3, 0/29 HPs)
             Began as a Demonspawn Abyssal Knight on Apr 21, 2021.
             Was a Follower of Lugonu.
             Slain by a hobgoblin (3 damage)
             ... on level 2 of the Dungeon.
             The game lasted 00:04:20 (2557 turns).

spiderkeys the Skirmisher (DsAK)                    Turns: 2557, Time: 00:04:20

Health: 0/29       AC:  8    Str: 13    XL:     3   Next: 83%
Magic:  5/5        EV:  8    Int: 13    God:    Lugonu [*.....]
Gold:   99         SH:  3    Dex: 12    Spells: 2/2 levels left

rFire    . . .     SeeInvis .   c - +0 trident
rCold    . . .     Faith    .   j - +0 buckler
rNeg     + . .     Spirit   .   g - +0 scale mail
rPois    .         Reflect  .   (no helmet)
rElec    .         Harm     .   m - +0 cloak
rCorr    .         Rampage  .   (no gloves)
Will     .....                  (no boots)
Stlth    ..........             (no amulet)
HPRegen  0.09/turn              L - ring of flight
MPRegen  0.09/turn              N - ring of positive energy

@: flying
A: rugged brown scales 1, ignite blood 1
a: Renounce Religion, Depart the Abyss


You were on level 2 of the Dungeon.
You worshipped Lugonu.
Lugonu was aware of your devotion.
You visited 1 branch of the dungeon, and saw 3 of its levels.
You visited the Abyss 1 time.

You collected 99 gold pieces.


Innate Abilities, Weirdness & Mutations

You are partially covered in rugged brown scales. (AC +1, +3% HP)
Your demonic aura sometimes causes spilled blood to erupt in flames


   Skills:
 + Level 3.3 Fighting
 * Level 2.7 Polearms
 + Level 2.2 Armour
 - Level 1.0 Dodging
 + Level 0.4 Shields
 + Level 3.2 Invocations


You had 2 spell levels left.
You didn't know any spells.
Your spell library contained the following spells:

 Spells                   Type           Power      Damage    Failure   Level
 Corona                   Hex            0%         N/A       92%         1
 Slow                     Hex            0%         N/A       98%         2
 Inner Flame              Hex/Fire       0%         N/A       100%        3
 Portal Projectile        Hex/Tloc       0%         N/A       100%        3
 Cause Fear               Hex            0%         N/A       100%        4
 Leda's Liquefaction      Hex/Erth       0%         N/A       100%        4

Inventory:

Hand Weapons
 a - a +1 spear
 c - a +0 trident (weapon)
   (You found it on level 2 of the Abyss)
 d - a +5 hand crossbow of flaming
   (You found it on level 3 of the Abyss)
Missiles
 e - 18 sling bullets
 f - 31 stones
 h - 20 arrows
 l - 19 poisoned darts
Armour
 b - a +1 leather armour
 g - a +0 scale mail (worn)
   (You found it on level 1 of the Dungeon)
 j - a +0 buckler (worn)
   (You found it on level 2 of the Dungeon)
 m - a +0 cloak (worn)
   (You found it on level 3 of the Dungeon)
Jewellery
 L - a ring of flight (left hand)
   (You found it on level 1 of the Dungeon)
 N - a ring of positive energy (right hand)
   (You found it on level 1 of the Dungeon)
Scrolls
 i - a scroll of teleportation {@r4}
 k - a scroll of blinking {!r}

Dungeon Overview and Level Annotations

Branches:
Dungeon (3/15)

Altars:

Annotations:
D:2 Sigmund

#..####.# #.............######
#.## #..# ####........###.####
..####.####...........# #....#
.........>..###.......# #.##.####
#####..#######........# #.##.....
# #.## #........# #.#####.. # #.#
##.##.#.### #.# ##. # #.#
###..##.#...# #.#####.. # #.#
#...##@g###.# #.......# # #.#
##.####.## #.###..###### # #.#
##..# #.####......# #.###..##
##.#.......### #####.#..[##
#....###..†.## ..........#
##...## #.##..#
..........####...## #.###.#
..........##....######.# #.##
..........##...........###..#####


You could see a hobgoblin.


Message History

The killer bee zombie closely misses you.
The killer bee zombie barely misses you. x2
You hit the killer bee zombie. The killer bee zombie hits you.
The killer bee zombie misses you. 😕 HP[-1]
You take 1 damage, and now have 24/29 hp.
You puncture the killer bee zombie!
The killer bee zombie hits you. x2 😮 HP[-5]
You take 5 damage, and now have 19/29 hp.
You are too injured to fight recklessly!
You are too injured to fight recklessly!
You are too injured to fight recklessly!
You are too injured to fight recklessly!
You are too injured to fight recklessly!
You closely miss the killer bee zombie.
The killer bee zombie closely misses you.
The killer bee zombie hits you. 😮 HP[-2]
You take 2 damage, and now have 17/29 hp.
You closely miss the killer bee zombie.
The killer bee zombie barely misses you.
The killer bee zombie hits you.
* * * LOW HITPOINT WARNING * * *
😨 HP[-4]
You take 4 damage, and now have 13/29 hp.
You hit the killer bee zombie but do no damage.
The killer bee zombie hits you.
* * * LOW HITPOINT WARNING * * *
The killer bee zombie hits you but does no damage. x2 😨 HP[-2]
You take 2 damage, and now have 11/29 hp.
You hit the killer bee zombie. The killer bee zombie hits you.
* * * LOW HITPOINT WARNING * * *
The killer bee zombie closely misses you. 😨 HP[-2]
You take 2 damage, and now have 9/29 hp.
You hit the killer bee zombie.
The killer bee zombie hits you but does no damage. x2
You hit the killer bee zombie.
You destroy the killer bee zombie!
Lugonu accepts your kill.
You start resting. 😎 HP[+20]
Your hp is fully restored (29).
A kobold comes into view. It is wielding a +0 short sword.
The kobold shouts!
You hear a shout!
An orc wizard comes into view. It is wielding a +0 dagger.
An orc comes into view. It is wielding a +0 whip.
The orc shouts!
The orc wizard shouts!
The orc wizard points at itself and mumbles some strange words.
The orc wizard flickers and vanishes!
Deactivating autopickup; reactivate with Ctrl-A.
You reach to attack!
You puncture the kobold!
You kill the kobold!
Lugonu accepts your kill.
No target in view!
An orc priest comes into view. It is wielding a +0 club.
The orc priest calls down the wrath of Beogh upon you.
Beogh smites you! 😮 HP[-11]
You take 11 damage, and now have 18/29 hp.
MASSIVE DAMAGE!! (PAUSE)
You barely miss something. Something hits you but does no damage.
You puncture something! Something hits you but does no damage.
You miss something. Something hits you.
The orc priest mumbles some strange prayers to Beogh against you.
Beogh smites you!
* * * LOW HITPOINT WARNING * * *
😱 HP[-16]
You take 16 damage, and now have 2/29 hp.
MASSIVE DAMAGE!! (PAUSE) 😱 HP[+1]
You aren't carrying any potions.
Okay, then.
Really read
k - 2 scrolls of blinking {!r}?
Blink to where?
Press: ? - help, Dir - move target
As you read the scroll of blinking {!r}, it crumbles to dust.
You see here a +0 robe.
You reach down and open the door.
There is an open door here. 😱 HP[+1]
A hobgoblin comes into view.
Found a stone staircase leading up.
The hobgoblin barely misses you. The hobgoblin hits you.
* * * LOW HITPOINT WARNING * * *
😱 HP[-1]
You take 1 damage, and now have 3/29 hp.
The hobgoblin hits you but does no damage.
There is a stone staircase leading up here.
The hobgoblin completely misses you.
You fly upwards.
Level annotation: Sigmund Reactivating autopickup.
There is a stone staircase leading down here.
You barely miss the hobgoblin. The hobgoblin hits you.
* * * LOW HITPOINT WARNING * * *
You closely miss the hobgoblin. The hobgoblin hits you.
You die...

Skill      XL: |  1  2  3 |
---------------+----------+-----
Dodging        | 1 |  1.0
Polearms       | 2 |  2.7
Armour         | 2 |  2.2
Invocations    | 3 |  3.2
Fighting       | |  3.3
Shields        | |  0.4

Action                   || total
-------------------------++-------
Melee: Trident           ||    97
Invok: Depart the Abyss  ||     1
  Use: Scroll            ||     6
Armor: Leather armour    ||    15
       Scale mail        ||    18
Dodge: Dodged            ||    43
Block: Buckler           ||     2

Levels and vault maps discovered:
D:1:      scummos_arrival_checkerplants, layout_loops_ring,
          hellmonk_ecumenical_altar_heavens_door, serial_bayou_crossing
D:2:      layout_rooms, uniq_sigmund
D:3:      wad_woods_settlement, layout_loops_corners, amcnicky_altar_gilded,
          serial_shops, shop_fountains

Notes
Turn   | Place    | Note
-------+----------+-------------------------------------------
     0 | Abyss:1  | spiderkeys the Demonspawn Abyssal Knight began the quest
                  | for the Orb.
     0 | Abyss:1  | Reached XP level 1. HP: 18/18 MP: 2/2
     0 | Abyss:1  | magus.rc [v1.9.10]
   172 | Abyss:1  | Found a corrupted altar of Lugonu.
   187 | Abyss:1  | Found a corrupted altar of Lugonu.
   228 | Abyss:1  | Noticed a spatial vortex
   261 | Abyss:1  | Noticed a wight
   261 | Abyss:1  | Noticed a wight
   262 | Abyss:1  | Noticed a wight
   274 | Abyss:1  | Noticed a tentacled starspawn
   274 | Abyss:1  | Noticed a large abomination
   300 | Abyss:2  | You pick up a book of Debilitation and begin reading...
   300 | Abyss:2  | You add the spells Corona, Slow, Inner Flame, Portal
                  | Projectile, Cause Fear and Leda's Liquefaction to your
                  | library.
   325 | Abyss:2  | Noticed a smoke demon
   341 | Abyss:3  | Found a corrupted altar of Lugonu.
   361 | Abyss:3  | Noticed a ynoxinul
   361 | D:1      | You pass through the gate.
   361 | D:1      | Escaped the Abyss
   519 | D:1      | Reached skill level 1 in Dodging
   569 | D:1      | Reached skill level 2 in Polearms
   650 | D:1      | Reached * piety under Lugonu
   654 | D:1      | Gained mutation: You are partially covered in rugged brown
                  | scales. (AC +1, +3% HP) [demonic ancestry]
   654 | D:1      | Reached XP level 2. HP: 18/24 MP: 3/3
   789 | D:1      | Reached skill level 2 in Armour
  1238 | D:1      | Found a faded altar of an unknown god.
  1366 | D:2      | Noticed Sigmund
  1642 | D:2      | Gained mutation: Your demonic aura sometimes causes spilled
                  | blood to erupt in flames [demonic ancestry]
  1642 | D:2      | Reached XP level 3. HP: 18/29 MP: 5/5
  1946 | D:2      | HP: 7/29 [Sigmund/magic dart (5)]
  2027 | D:3      | Reached skill level 3 in Invocations
  2531 | D:3      | HP: 2/29 [orc priest/divine providence (13)]
  2550 | D:3      | HP: 3/29 [hobgoblin (1)]
  2556 | D:2      | HP: 3/29 [hobgoblin (1)]
  2557 | D:2      | Slain by a hobgoblin

Vanquished Creatures
  A killer bee zombie (D:3)
  An adder (D:3)
  A dart slug (D:3)
  3 endoplasms (D:1)
  A goblin (D:1)
  3 hobgoblins (D:1)
  A quokka (D:2)
  4 ball pythons (D:1)
  4 bats
  4 frilled lizards
  7 kobolds
  2 rats (D:1)
32 creatures vanquished.

Table legend:
 A = Non-vault XP
 B = Vault XP
 C = Vault XP percentage of total XP
 D = Non-vault monster count
 E = Vault monster count
 F = Vault count percentage of total count
                 A         B        C        D         E       F
            +---------+---------+-------+---------+---------+-------
      Total |      88 |       0 |   0.0 |      32 |       0 |   0.0
            +---------+---------+-------+---------+---------+-------
        D:1 |      31 |       0 |   0.0 |      21 |       0 |   0.0
        D:2 |      10 |       0 |   0.0 |       7 |       0 |   0.0
        D:3 |      47 |       0 |   0.0 |       4 |       0 |   0.0
            +---------+---------+-------+---------+---------+-------

Illustrated notes

Table legend:
 A = Kills in this place as a percentage of kills in entire the game.
 B = Kills by you in this place as a percentage of kills by you in the entire game.
 C = Kills by friends in this place as a percentage of kills by friends in the entire game.
 D = Other kills in this place as a percentage of other kills in the entire game.
 E = Experience gained in this place as a percentage of experience gained in the entire game.
 F = Experience gained in this place divided by the number of levels of this place that you have seen.
                   A       B       C       D       E      F
               +-------+-------+-------+-------+-------+----------------------
         Total | 100.0 | 100.0 |   N/A |   N/A | 100.0 |  14.7
       Dungeon | 100.0 | 100.0 |   N/A |   N/A | 100.0 |  29.3
               +-------+-------+-------+-------+-------+----------------------

Table legend: (Time is in decaauts)
 A = Elapsed time spent in this place.
 B = Non-inter-level travel time spent in this place.
 C = Inter-level travel time spent in this place.
 D = Time resting spent in this place.
 E = Time spent auto-exploring this place.
 F = Levels seen in this place.
 G = Mean time per level.
                   A        B        C        D        E       F      G
               +--------+--------+--------+--------+--------+-----+--------+
         Total |   2586 |   2505 |     81 |    700 |   1330 |   6 |  431.0 |
       Dungeon |   2225 |   2144 |     81 |    700 |   1102 |   3 |  741.7 |
         Abyss |    360 |    360 |      0 |      0 |    228 |   3 |  120.0 |
               +--------+--------+--------+--------+--------+-----+--------+

Top non-repeatable levels by time:
     D:1: 1298 daAuts
     D:3: 610 daAuts
     D:2: 316 daAuts
 Abyss:1: 277 daAuts
 Abyss:2: 62 daAuts
 Abyss:3: 20 daAuts
